 Dungeon Crawl Stone Soup version 0.25.1-2-g60ff931df9 (webtiles) character file.

Game seed: 3909996467585779763

48 DildoBatman the Magician (level 4, -2/30 HPs)
             Began as a Formicid Wizard on Oct 5, 2020.
             Killed from afar by an orc wizard (10 damage)
             ... with a magic dart
             ... on level 3 of the Dungeon.
             The game lasted 00:03:54 (2101 turns).

DildoBatman the Magician (Formicid Wizard)          Turns: 2101, Time: 00:03:55

Health: -2/30      AC:  2    Str: 12    XL:     4   Next: 0%
Magic:  2/8        EV: 12    Int: 18    God:
Gold:   41         SH:  0    Dex:  9    Spells: 8/9 levels left

rFire    . . .     SeeInvis +   a - +4 dagger
rCold    . . .     Gourm    .   (no shield)
rNeg     . . .     Faith    .   j - +0 robe
rPois    .         Spirit   .   (helmet unavailable)
rElec    .         Reflect  .   (no cloak)
rCorr    .         Harm     .   (no gloves)
MR       .....                  (no boots)
Stlth    ++........             (no amulet)
HPRegen  0.10/turn              (no ring)
MPRegen  0.11/turn              (no ring)

@: very slightly contaminated
A: permanent stasis, dig shafts and tunnels, four strong arms, antennae 3
a: Dig, Shaft Self


You were on level 3 of the Dungeon.
You were hungry.

You visited 1 branch of the dungeon, and saw 3 of its levels.

You collected 41 gold pieces.

Inventory:

Hand Weapons
 a - a +4 dagger (weapon)
 h - a +0 dagger
 i - a +0 whip
 n - a +0 trident
Missiles
 g - 55 stones (quivered)
 l - 22 sling bullets
Armour
 j - a +0 robe (worn)
Scrolls
 c - 3 scrolls of identify {unknown}
 d - a scroll of enchant weapon {unknown}
 e - a scroll of fear {unknown}
 f - a scroll of fog {unknown}
 o - a scroll of teleportation {unknown}
Potions
 b - a potion of stabbing {unknown}
 m - a potion of flight {unknown}
Comestibles
 k - 4 chunks of flesh
 v - 4 rations


   Skills:
 - Level 1.7 Dodging
 - Level 2.4 Stealth
 - Level 3.2 Spellcasting
 * Level 3.1 Conjurations
   Level 1.0 Summonings
   Level 0.8 Translocations


You had 8 spell levels left.
You knew the following spells:

 Your Spells              Type           Power        Failure   Level  Hunger
c - Magic Dart            Conj           ##..         4%          1    None

Your spell library contained the following spells:

 Spells                   Type           Power        Failure   Level  Hunger
 Call Imp                 Summ           #.......     16%         2    ##.....
 Slow                     Hex            #.......     24%         2    ##.....
 Conjure Flame            Conj/Fire      #.......     26%         3    ###....
 Mephitic Cloud           Conj/Pois/Air  #.......     30%         3    ###....
 Blink                    Tloc           Unusable     N/A         2    N/A

Dungeon Overview and Level Annotations

Branches:
Dungeon (2/15)

Altars:
Gozag

Annotations:
D:1 exclusion: phantom
D:2 1 exclusion


Innate Abilities, Weirdness & Mutations

You cannot be hasted, slowed, berserked, paralysed or teleported.
You can dig through walls and to a lower floor.
Your four strong arms can wield two-handed weapons with a shield.
You have a pair of large antennae on your head. (SInv)


Message History

The orc closely misses you.
The orc wizard hits you with a +0 dagger.
The orc wizard points at you and mumbles some strange words.
The puff of frost misses you.
The puff of frost hits the goblin!
The goblin dies!
The orc closely misses you. What are your orders? t - Shout!
Orders for allies: a - Attack new target. r - Retreat! s - Stop attacking. g - Guard the area. f - Follow me.
Anything else - Cancel.
You shout for attention!
You hear a bark!
The orc wizard casts a cantrip, but nothing happens.
A bat comes into view.
The orc wizard points at you and mumbles some strange words.
The magic dart hits you!
You die...

.. .# {
##..{ {
...## #o..
#####o.#
#...ooo#
#@o#
#...)....#
#.#.#....b.
#.#...[....
# ### .#.#.
.# # . ##


You could see an orc priest, 2 orc wizards, 3 orcs and a bat.

Vanquished Creatures
  3 worms (D:2)
  A dart slug (D:2)
  2 leopard geckos
  6 bats (D:1)
  2 giant cockroaches
  3 hobgoblins
  4 kobolds
  A quokka (D:2)
  3 frilled lizards (D:1)
  6 goblins (D:1)
  4 rats
35 creatures vanquished.

Vanquished Creatures (others)
  A goblin (D:3)
1 creature vanquished.

Grand Total: 36 creatures vanquished

Notes
Turn   | Place    | Note
-------+----------+-------------------------------------------
     0 | D:1      | DildoBatman the Formicid Wizard began the quest for the
                  | Orb.
     0 | D:1      | Reached XP level 1. HP: 13/13 MP: 4/4
    60 | D:1      | Reached skill level 1 in Conjurations
   365 | D:1      | Reached XP level 2. HP: 19/19 MP: 1/6
   848 | D:1      | Reached XP level 3. HP: 24/24 MP: 5/7
  1381 | D:2      | Found an opulent altar of Gozag.
  1649 | D:2      | Noticed a phantom
  2092 | D:2      | Reached XP level 4. HP: 22/30 MP: 1/8
  2095 | D:2      | You fall into a shaft and drop 1 floor!
  2101 | D:3      | Killed from afar by an orc wizard

Illustrated notes

Levels and vault maps discovered:
D:1:      dpeg_arrival_boxes_within_box, layout_basic
D:2:      layout_basic, grunt_gozag_breadcrumbs, uniq_robin
D:3:      layout_loops_ring, old_standard_altar, kennysheep_path_1,
          chequers_serial_rivers_micro_a

Skill      XL: |  1  2  3 |
---------------+----------+-----
Conjurations   | 1 2 3 |  3.1
Dodging        | |  1.7
Stealth        | |  2.4
Spellcasting   | |  3.2
Summonings     | |  1.0
Translocations | |  0.8

Action                   |  1- 3 |  4- 6 || total
-------------------------+-------+-------++-------
Melee: Unarmed           |    13 |       ||    13
       Dagger            |    21 |       ||    21
       Whip              |     1 |       ||     1
 Cast: Magic Dart        |    86 |       ||    86
 Abil: Dig               |     6 |       ||     6
       Shaft Self        |       |     1 ||     1
 Stab: Sleeping          |     2 |       ||     2
       Distracted        |     1 |       ||     1
  Eat: Chunk             |     4 |       ||     4
Armor: Robe              |    11 |     2 ||    13
Dodge: Dodged            |    43 |     4 ||    47
